[Event "Late-Titled-Tuesday-Blitz-April-02-2024"]
[Site "Chess.com"]
[Date "2024.04.02"]
[Round "3"]
[White "prime-morty"]
[Black "sergoy"]
[Result "0-1"]
[WhiteElo "2597"]
[BlackElo "2899"]
[TimeControl "180+1"]
[EndTime "14:26:10 PDT"]
[Termination "sergoy won by resignation"]

1. c4 e5 2. Nc3 Nf6 3. Nf3 Nc6 4. e3 Bb4 5. Qc2 Bxc3 6. bxc3 d6 7. e4 Nd7 8. g3 O-O 9. Bg2 Na5 10. d3 Nc5 11.
Nh4 a6 12. O-O b5 13. cxb5 axb5 14. d4 Ne6 15. Be3 Nc4 16. Qe2 Ra3 17. Rac1 Qf6 18.
Nf5 Kh8 19. d5 Nc5 20. Bxc5 dxc5 21. Ne3 Nd6 22. f4 Qe7 23. Nf5 Bxf5 24. exf5 e4 25. Rfe1 Re8 26. Qf2 e3 27. Qb2 Ra5 28. g4 Nc4 29. Qc2 Qd6 30. Rf1 e2 31. Rfe1 Qxf4 32. Rb1 Qxg4 33. Qd3 Re3 34. h3 Qxg2+ 35. Kxg2 Rxd3 36.
Rxe2 h5 0-1

[Event "Late-Titled-Tuesday-Blitz-April-02-2024"]
[Site "Chess.com"]
[Date "2024.04.02"]
[Round "3"]
[White "Onthequiet"]
[Black "Alexei_Gubajdullin"]
[Result "0-1"]
[WhiteElo "2426"]
[BlackElo "2620"]
[TimeControl "180+1"]
[EndTime "14:26:12 PDT"]
[Termination "Alexei_Gubajdullin won by resignation"]

1. d4 d6 2. Nf3 Nf6 3. Bg5 Ne4 4.
Bh4 g6 5. c3 Bg7 6. Nbd2 Nxd2 7.
Qxd2 O-O 8. e3 Qe8 9. Be2 e5 10. O-O e4 11. Ne1 f5 12. d5 Nd7 13. Bg3 Ne5 14.
Bxe5 Bxe5 15. g3 g5 16. Ng2 Qg6 17. Kh1 Bd7 18. a4 h5 19. h4 f4 20. gxf4 gxf4 21. Nxf4 Qf5 22. Rg1+ Kf7 23. Rg5 Qf6 24. Bxh5+ Ke7 25.
Ng6+ Kd8 26. Nxf8 Qxf8 27. Rag1 Qh6 28. Qe2 Ke7 29. f4 exf3 30. Qxf3 Rf8 31. Qe4 Kd8 32. Qg6 Qh8 33. Kg2 Be8 34. Bg4 Bxg6 35. Rxg6 Qxh4 0-1

[Event "Late-Titled-Tuesday-Blitz-April-02-2024"]
[Site "Chess.com"]
[Date "2024.04.02"]
[Round "3"]
[White "ozates"]
[Black "PonyQueen07"]
[Result "0-1"]
[WhiteElo "2553"]
[BlackElo "2301"]
[TimeControl "180+1"]
[EndTime "14:26:12 PDT"]
[Termination "PonyQueen07 won by resignation"]

1. e4 c5 2. Nf3 Nc6 3. Bb5 e5 4. O-O Bd6 5. c3 Nf6 6. Re1 O-O 7. Na3 Bc7 8. d4 cxd4 9. cxd4 d6 10. h3 exd4 11.
Nxd4 Nxd4 12. Qxd4 Bb6 13. Qd3 Be6 14. Bg5 h6 15. Bh4 a6 16. Bc4 Bc5 17. Bxe6 fxe6 18. Nc4 Bxf2+ 19. Bxf2 d5 20. exd5 Nxd5 21. Rad1 Qf6 22.
Bd4 Qg5 23. Rxe6 Nf4 24. Qe4 Nxh3+ 25. Kh2 Nf4 26. Re7 Qh5+ 27. Kg1 Qxd1+ 28. Kh2 Qh5+ 29. Kg1 Rf7 30. Rxf7 Qxf7 31. Nd6 Qf8 32. Nf5 Ne2+ 33. Qxe2 Qxf5 34. Qc4+ Qf7 35. Qd3 Rd8 36. Qe3 Qd7 37.
Bc3 Qd1+ 38. Kh2 Qh5+ 39. Kg1 Rd1+ 40. Kf2 Qf5+ 41. Kg3 Rd3 0-1

[Event "Late-Titled-Tuesday-Blitz-April-02-2024"]
[Site "Chess.com"]
[Date "2024.04.02"]
[Round "3"]
[White "MarcoRiehle"]
[Black "jaskol95"]
[Result "1-0"]
[WhiteElo "2793"]
[BlackElo "2525"]
[TimeControl "180+1"]
[EndTime "14:26:13 PDT"]
[Termination "MarcoRiehle won by checkmate"]

1. e4 c5 2. a3 e5 3. Nc3 Nc6 4.
Bc4 Nf6 5. d3 Be7 6. f4 d6 7. Nf3 a6 8. O-O b5 9. Ba2 Bb7 10. Qe1 Nd4 11. Nxd4 cxd4 12. Ne2 Rc8 13. Bb3 Qb6 14. Ng3 g6 15. fxe5 dxe5 16. Bh6 Bf8 17.
Bg5 Bg7 18. Qf2 Rc6 19. Qe2 O-O 20. Rf2 h6 21. Bd2 Rc7 22. Raf1 Ne8 23. Qe1 Rd7 24.
Ba5 Qc6 25. Bb4 Nd6 26. Bd5 Qc8 27. Bxd6 Rxd6 28. Bxf7+ Kh7 29. h4 Qc7 30. h5 g5 31.
Bg6+ Kg8 32. Rxf8+ Bxf8 33. Qf2 Qg7 34. Nf5 Qf6 35.
Nxd6 Qxd6 36. Qf7+ Kh8 37. Qh7# 1-0

[Event "Late-Titled-Tuesday-Blitz-April-02-2024"]
[Site "Chess.com"]
[Date "2024.04.02"]
[Round "3"]
[White "Quattroporte300"]
[Black "Korchmar_Vasiliy"]
[Result "0-1"]
[WhiteElo "2494"]
[BlackElo "2728"]
[TimeControl "180+1"]
[EndTime "14:26:14 PDT"]
[Termination "Korchmar_Vasiliy won by resignation"]

1. e4 c5 2. Nc3 a6 3. g3 b5 4.
Bg2 Bb7 5. Nge2 e6 6. O-O b4 7. Nb1 Nf6 8. d3 d5 9. exd5 Bxd5 10. a3 Nc6 11. axb4 cxb4 12. b3 Bc5 13. Bb2 O-O 14. Nd2 Ng4 15. Bxd5 Qxd5 16. Nf4 Qf5 17. Ne4 Bb6 18. h3 Nge5 19. Qh5 Qxh5 20. Nxh5 Nd4 21. Kg2 Rfc8 22. Ra4 a5 23. c4 Nxd3 24.
Bxd4 Bxd4 25. Nd6 Rc6 26. Nb5 Bb6 27. Kf3 Nc5 28. Ra2 Nxb3 29. Nf4 Rd8 30. Rc2 Nd2+ 31. Ke2 Nxf1 32. Kxf1 a4 0-1

[Event "Late-Titled-Tuesday-Blitz-April-02-2024"]
[Site "Chess.com"]
[Date "2024.04.02"]
[Round "3"]
[White "Inepton_Fermion"]
[Black "bipe137"]
[Result "0-1"]
[WhiteElo "2464"]
[BlackElo "2656"]
[TimeControl "180+1"]
[EndTime "14:26:15 PDT"]
[Termination "bipe137 won by resignation"]

1. d4 d5 2. Nc3 Nf6 3. Bg5 Nbd7 4.
Nf3 c6 5. e3 Qa5 6. Bd3 g6 7. O-O Bg7 8. a3 O-O 9. b4 Qc7 10. e4 dxe4 11. Nxe4 Nxe4 12. Bxe4 Nf6 13. Bd3 Be6 14. c4 Rad8 15. Qe2 Bg4 16. Be3 Qc8 17. h3 Bf5 18. Rad1 Bxd3 19. Rxd3 e6 20. Ne5 Nd7 21. Bf4 Nb6 22. Rd2 Rfe8 23. Re1 Qa8 24. Bg3 a5 25. f4 axb4 26. axb4 Qa3 27. Bh4 Ra8 28. b5 cxb5 29. cxb5 Nd5 30. Rf1 Rac8 31. Rd3 Qa4 32. f5 exf5 33. Rfd1 Qxb5 34. Qa2 Bxe5 35. dxe5 Nc3 36.
Rd7 Nxa2 37. Bd8 Rcxd8 38. Rxf7 Rxd1+ 0-1

[Event "Late-Titled-Tuesday-Blitz-April-02-2024"]
[Site "Chess.com"]
[Date "2024.04.02"]
[Round "3"]
[White "BillCoe"]
[Black "WCM-Mexicana"]
[Result "0-1"]
[WhiteElo "2114"]
[BlackElo "2361"]
[TimeControl "180+1"]
[EndTime "14:26:15 PDT"]
[Termination "WCM-Mexicana won by resignation"]

1. e4 c6 2. d4 d5 3. exd5 cxd5 4. Bd3 Nc6 5. c3 g6 6. Be3 Bg7 7. h3 h5 8. Nf3 Nh6 9. Nbd2 Nf5 10. Nf1 a6 11. Qd2 b5 12. Bf4 b4 13. Ne3 bxc3 14.
bxc3 Nxe3 15. Qxe3 Qa5 16. O-O Qxc3 17. Rfc1 Bxd4 18.
Rxc3 Bxe3 19. Bxe3 Bd7 20. Nd4 Ne5 21. Be2 O-O 22.
Rac1 a5 23. Bf4 f6 24. Bxe5 fxe5 25. Nc6 d4 26. Rc5 Bxc6 27. Rxc6 Rf6 28. Bc4+ Kg7 29. Rc7 Kh6 30. Rxe7 Rc8 31. Rxe5 Rfc6 32. Rxa5 Rxc4 33.
Rxc4 Rxc4 34. Rd5 Ra4 35. g4 hxg4 36. hxg4 Kg7 37. g5 Kf7 38. Kg2 Ke6 39. Rd8 Kf5 40.
Rd5+ Kf4 41. a3 Ke4 42. Rd6 d3 43. Rxg6 d2 44. Re6+ Kd5 45. Re8 Rd4 46. g6 d1=Q 47.
Re3 Rg4+ 48. Rg3 Rxg3+ 0-1

[Event "Late-Titled-Tuesday-Blitz-April-02-2024"]
[Site "Chess.com"]
[Date "2024.04.02"]
[Round "3"]
[White "yaguigor"]
[Black "dropstoneDP"]
[Result "0-1"]
[WhiteElo "2621"]
[BlackElo "2978"]
[TimeControl "180+1"]
[EndTime "14:26:16 PDT"]
[Termination "dropstoneDP won on time"]

1. e4 e5 2. Nf3 Nf6 3. Nxe5 d6 4.
Nf3 Nxe4 5. d4 d5 6. Bd3 Bd6 7. O-O O-O 8. c4 c6 9. Qc2 h6 10. Bxe4 dxe4 11. Qxe4 Re8 12. Qd3 Bg4 13. Nc3 Na6 14.
a3 Nc5 15. dxc5 Bxh2+ 16. Nxh2 Qxd3 17. Nxg4 Qxc4 18. f3 Qxc5+ 19. Nf2 Rad8 20. Bf4 Rd4 21. Nce4 Qb5 22. Nd6 Qxb2 23. Nxe8 Rxf4 24. Nd6 Rd4 25. Nf5 Rd7 26. a4 Kh7 27. Rad1 Rxd1 28. Rxd1 Qc2 29. Ne3 Qxa4 30. Rd7 Qa1+ 31. Nf1 b5 32. Rxf7 b4 33. Ne4 b3 34. Rb7 b2 35. Nd2 c5 36.
Kf2 c4 37. Ne3 c3 38. Ne4 b1=Q 0-1

[Event "Late-Titled-Tuesday-Blitz-April-02-2024"]
[Site "Chess.com"]
[Date "2024.04.02"]
[Round "3"]
[White "OriTaichman"]
[Black "jcmesafischer"]
[Result "1-0"]
[WhiteElo "2561"]
[BlackElo "2372"]
[TimeControl "180+1"]
[EndTime "14:26:16 PDT"]
[Termination "OriTaichman won on time"]

1. e4 c5 2. Nf3 d6 3. d4 cxd4 4.
Nxd4 Nf6 5. Nc3 a6 6. Bg5 e6 7. f4 Be7 8. Qf3 Qc7 9. O-O-O Nbd7 10.
g4 h6 11. h4 hxg5 12. hxg5 Rxh1 13. Qxh1 Nxg4 14. Qh5 Nge5 15. Nxe6 Qa5 16. Nxg7+ Kd8 17. fxe5 Qxe5 18. Qxf7 Bxg5+ 19. Kb1 Nb6 20. Qg8+ Kc7 21. Ne8+ Kc6 22. Rxd6+ Qxd6 23. Nxd6 Be7 24. Nxc8 Rxc8 25. Qe6+ Bd6 26. Nd5 Nxd5 27. Qxc8+ Nc7 28. e5 Bxe5 29. Bg2+ 1-0

[Event "Late-Titled-Tuesday-Blitz-April-02-2024"]
[Site "Chess.com"]
[Date "2024.04.02"]
[Round "3"]
[White "Mikhal867"]
[Black "stollenmonster"]
[Result "0-1"]
[WhiteElo "2524"]
[BlackElo "2854"]
[TimeControl "180+1"]
[EndTime "14:26:20 PDT"]
[Termination "stollenmonster won on time"]

1. c4 Nf6 2. Nc3 e6 3. e4 d5 4. e5 d4 5. exf6 dxc3 6. bxc3 Qxf6 7. d4 Qd8 8. Nf3 c5 9. Bd3 Be7 10. O-O Nc6 11. Bc2 cxd4 12. cxd4 Bf6 13. Bb2 O-O 14. Re1 b6 15. Rb1 Ba6 16. Be4 Rc8 17. Ba3 Re8 18. Bxc6 Rxc6 19. Qa4 Qc8 20. c5 Bd3 21. Rbd1 b5 22. Qb4 Bc4 23. Ne5 Bxe5 24. dxe5 a5 25.
Qxa5 Ra6 26. Qc3 Qa8 27. Bb4 Rxa2 28. Ra1 Bd5 29. Rxa2 Qxa2 30. Qd2 Qb3 31. Qc3 Qa2 32. Ra1 Qe2 33. Qe1 Qg4 0-1

[Event "Late-Titled-Tuesday-Blitz-April-02-2024"]
[Site "Chess.com"]
[Date "2024.04.02"]
[Round "3"]
[White "JERO-8914"]
[Black "bascheyaro"]
[Result "0-1"]
[WhiteElo "2456"]
[BlackElo "2827"]
[TimeControl "180+1"]
[EndTime "14:26:20 PDT"]
[Termination "bascheyaro won by resignation"]

1. c4 e6 2. d4 d5 3. cxd5 exd5 4. Nc3 c6 5. Nf3 Bf5 6. Qb3 Qb6 7. Bf4 Nd7 8. e3 h6 9. Be2 Ngf6 10. O-O Be7 11.
Na4 Qxb3 12. axb3 Bc2 13. Nd2 O-O 14. Rfc1 Bg6 15. Nc5 Nxc5 16. dxc5 a6 17. b4 Ne4 18. Nxe4 Bxe4 19. Rd1 Bf6 20. Rd2 Rfe8 21. Rc1 g5 22.
Bg3 Rad8 23. f3 Bg6 24. Bf2 Bg7 25. b3 Rd7 26. Rcd1 Rde7 27. Rc1 Kh7 28. Bd3 f5 29. h4 f4 30. Bxg6+ Kxg6 31. exf4 gxf4 32. Bd4 Bxd4+ 33. Rxd4 Kf5 34. b5 axb5 35. Kh2 Re2 36. Ra1 Rg8 37. Rg1 Rb2 38. b4 Re8 39. Kh3 Ree2 40. g4+ Ke5 0-1

[Event "Late-Titled-Tuesday-Blitz-April-02-2024"]
[Site "Chess.com"]
[Date "2024.04.02"]
[Round "3"]
[White "GMBenjaminBok"]
[Black "FredddieCroderg"]
[Result "1-0"]
[WhiteElo "3009"]
[BlackElo "2399"]
[TimeControl "180+1"]
[EndTime "14:26:20 PDT"]
[Termination "GMBenjaminBok won by resignation"]

1. d4 d5 2. c4 e6 3. Nc3 Nf6 4. cxd5 exd5 5. Bg5 Be7 6. e3 O-O 7. Bd3 Re8 8. Nf3 c6 9. Qc2 Nbd7 10. h3 Nf8 11. O-O g6 12. Ne5 Ne6 13. f4 Nd7 14. Bh6 Bf8 15. Bxf8 Rxf8 16. Rae1 f6 17. Nxd7 Qxd7 18.
f5 gxf5 19. Rxf5 Qg7 20. Rh5 Ng5 21. Kh1 f5 22. Rf1 Qg6 23. Rh4 Be6 24. Rhf4 Ne4 25. Bxe4 fxe4 26. Ne2 Kh8 27. Rxf8+ 1-0

[Event "Late-Titled-Tuesday-Blitz-April-02-2024"]
[Site "Chess.com"]
[Date "2024.04.02"]
[Round "3"]
[White "Navyblue1"]
[Black "andrzej"]
[Result "0-1"]
[WhiteElo "2263"]
[BlackElo "2492"]
[TimeControl "180+1"]
[EndTime "14:26:20 PDT"]
[Termination "andrzej won by resignation"]

1. d4 Nf6 2. c4 e6 3. Nf3 d5 4. Nc3 Bb4 5. Qa4+ Nc6 6. Bd2 O-O 7.
e3 Re8 8. Be2 Bf8 9. O-O Bd7 10.
Qc2 a5 11. a3 a4 12. e4 dxc4 13. Bxc4 Na5 14. Ba2 Bc6 15. Rfe1 b6 16. Rad1 Bb7 17. h3 Nb3 18. Bxb3 axb3 19. Qxb3 h6 20. Be3 Nxe4 21. Nxe4 Bxe4 22. Ne5 Bd5 23. Qc3 Qf6 24. Nc6 Qg6 25.
g3 Qe4 0-1

[Event "Late-Titled-Tuesday-Blitz-April-02-2024"]
[Site "Chess.com"]
[Date "2024.04.02"]
[Round "3"]
[White "FMOlexandrProhorov"]
[Black "Szachulec75"]
[Result "0-1"]
[WhiteElo "2288"]
[BlackElo "2047"]
[TimeControl "180+1"]
[EndTime "14:26:26 PDT"]
[Termination "Szachulec75 won on time"]

1. d4 Nf6 2. c4 g6 3. Nc3 Bg7 4. e4 d6 5. Nf3 O-O 6. Be2 Bg4 7. O-O Nfd7 8. Be3 Nc6 9. Qd2 Bxf3 10. Bxf3 e5 11.
d5 Nd4 12. Bd1 c5 13. dxc6 bxc6 14. Bxd4 exd4 15. Ne2 c5 16. Nc1 Re8 17. Re1 Rb8 18.
Nd3 Ne5 19. b3 Qh4 20. g3 Qh6 21. Qxh6 Bxh6 22. Bc2 Nf3+ 23. Kg2 Nxe1+ 24. Rxe1 Re7 25. h4 Rbe8 26. f3 f5 27. Nf2 Rf8 28. f4 fxe4 29.
Bxe4 Rfe8 30. Kf3 Kf8 31. g4 Bg7 32. Nd3 Bf6 33. g5 Bg7 34. Nf2 Kf7 35. Bd5+ Kf8 36. Be4 a5 37. Re2 Kf7 38. Bd5+ Kf8 39. Be4 Ra7 40.
Nd3 Ree7 0-1

[Event "Late-Titled-Tuesday-Blitz-April-02-2024"]
[Site "Chess.com"]
[Date "2024.04.02"]
[Round "3"]
[White "Polish_fighter3000"]
[Black "ArtemDyachuk"]
[Result "1-0"]
[WhiteElo "3157"]
[BlackElo "2790"]
[TimeControl "180+1"]
[EndTime "14:26:27 PDT"]
[Termination "Polish_fighter3000 won on time"]

1. d4 Nf6 2. c4 e6 3. Nf3 c5 4.
d5 d6 5. Nc3 exd5 6. cxd5 g6 7.
Bf4 Bg7 8. Qa4+ Bd7 9. Qb3 O-O 10. e3 Bf5 11. h3 Ne4 12. Be2 b6 13. O-O Re8 14.
Rfd1 a6 15. a4 Ra7 16. Nxe4 Bxe4 17. Nd2 Rb7 18. Nc4 Bf8 19. Bf1 b5 20. axb5 axb5 21.
Na5 Rb6 22. Bxb5 g5 23. Bg3 Nd7 24. Qa4 Rxb5 25. Qxb5 h5 26. Nb7 Qc7 27. Qc6 Rc8 28. Nxd6 Qxc6 29. dxc6 Rxc6 30. Nxe4 1-0

[Event "Late-Titled-Tuesday-Blitz-April-02-2024"]
[Site "Chess.com"]
[Date "2024.04.02"]
[Round "3"]
[White "1g60-1"]
[Black "ahkashefi2800"]
[Result "0-1"]
[WhiteElo "2402"]
[BlackElo "2598"]
[TimeControl "180+1"]
[EndTime "14:26:27 PDT"]
[Termination "ahkashefi2800 won by resignation"]

1. e4 c5 2. Nf3 d6 3. d4 cxd4 4. Nxd4 Nf6 5. Nc3 g6 6. Be3 Bg7 7. f3 O-O 8. Qd2 Nc6 9. Bc4 Nxd4 10. Bxd4 Be6 11. Bxe6 fxe6 12. O-O-O Qa5 13. Kb1 Rac8 14. Nd5 Qxd2 15. Nxf6+ Bxf6 16. Rxd2 Bxd4 17. Rxd4 e5 18. Rd3 Kf7 19. Rb3 Rc7 20. Rd1 Ke6 21. Rd5 g5 22.
a4 h5 23. Rdb5 b6 24. a5 bxa5 25. Rxa5 Rfc8 26. c3 g4 27. Rba3 Ra8 28. b4 gxf3 29.
gxf3 h4 30. Kb2 Kf6 31. b5 Kg5 32. b6 Rb7 33. Rxa7 Rxb6+ 34. Kc2 Rab8 35. Rxe7 Rb2+ 36. Kd3 Rxh2 37. Rf7 h3 38. Ra6 Rh1 39. Rf5+ Kh4 40. Rxd6 Rd1+ 0-1

[Event "Late-Titled-Tuesday-Blitz-April-02-2024"]
[Site "Chess.com"]
[Date "2024.04.02"]
[Round "3"]
[White "profedechess93"]
[Black "Sanan_Sjugirov"]
[Result "0-1"]
[WhiteElo "2661"]
[BlackElo "2979"]
[TimeControl "180+1"]
[EndTime "14:26:28 PDT"]
[Termination "Sanan_Sjugirov won by checkmate"]

1. e4 c5 2. Nf3 Nc6 3. Bb5 e6 4.
c3 Nf6 5. e5 Nd5 6. d4 cxd4 7.
Bxc6 bxc6 8. Qxd4 Ba6 9. Nbd2 Qb6 10. Nb3 Be7 11. Qg4 g6 12. Bh6 Qb5 13. Nfd4 Qc4 14. Qf3 c5 15. Nc2 Rb8 16. Na3 Qh4 17. Bd2 O-O 18. g3 Qh3 19. O-O-O f6 20. Qe4 fxe5 21.
Qxe5 Qf5 22. Qxf5 Rxf5 23. f4 g5 24. fxg5 Be2 25. Rde1 Bd3 26. g4 Rf2 27. h4 c4 28.
Nd4 Bxa3 29. bxa3 Rb1# 0-1

[Event "Late-Titled-Tuesday-Blitz-April-02-2024"]
[Site "Chess.com"]
[Date "2024.04.02"]
[Round "3"]
[White "RodokininEV"]
[Black "Oleksandr_Bortnyk"]
[Result "0-1"]
[WhiteElo "2698"]
[BlackElo "3043"]
[TimeControl "180+1"]
[EndTime "14:26:35 PDT"]
[Termination "Oleksandr_Bortnyk won by resignation"]

1. e4 Nf6 2. e5 Nd5 3. d4 d6 4. c4 Nb6 5. exd6 exd6 6. Nc3 Be7 7. Nf3 O-O 8. Be2 Bg4 9. b3 Nc6 10. O-O Bf6 11. Be3 Re8 12. Rc1 h6 13. Qd2 d5 14. c5 Nc8 15. b4 a6 16. a4 Nxb4 17.
Rb1 a5 18. Rfc1 Na7 19. Nb5 Nac6 20. h3 Bf5 21. Rb2 Re7 22. Bf1 Be4 23. Be2 Qd7 24. Nc3 Bf5 25. Bb5 Rae8 26. Rd1 Bxh3 27. gxh3 Qxh3 28.
Nh2 Rxe3 29. fxe3 Rxe3 30. Bxc6 bxc6 31. Nb1 Rd3 32. Qe2 Bxd4+ 33. Kh1 Rxd1+ 34. Qxd1 Bxb2 35. Nd2 Nd3 36. Qe2 Bd4 37. Nf3 Nf2+ 0-1

[Event "Late-Titled-Tuesday-Blitz-April-02-2024"]
[Site "Chess.com"]
[Date "2024.04.02"]
[Round "3"]
[White "sillypiggy2024"]
[Black "zverr1"]
[Result "0-1"]
[WhiteElo "1747"]
[BlackElo "2550"]
[TimeControl "180+1"]
[EndTime "14:26:35 PDT"]
[Termination "zverr1 won on time"]

1. d4 Nf6 2. c4 g6 3. g3 c6 4.
Bg2 d5 5. Nf3 Bg7 6. cxd5 cxd5 7. O-O O-O 8. Nc3 Ne4 9. Nxe4 dxe4 10. Ne5 Qd5 11. Nd3 Qxd4 12. Nf4 Qe5 13. Qd5 Nc6 14. Qxe5 Bxe5 15. Bxe4 Bd7 16. Nd3 Bd4 17. Bd2 Rad8 18. Rac1 Bc8 19. Bh6 Rfe8 20. Bxc6 bxc6 21. Rxc6 Bg4 22.
Re1 Bb6 23. Nf4 Bd7 24. Rcc1 Bb5 0-1

[Event "Late-Titled-Tuesday-Blitz-April-02-2024"]
[Site "Chess.com"]
[Date "2024.04.02"]
[Round "3"]
[White "Slovineanu"]
[Black "Kazan28"]
[Result "0-1"]
[WhiteElo "2463"]
[BlackElo "2655"]
[TimeControl "180+1"]
[EndTime "14:26:36 PDT"]
[Termination "Kazan28 won by resignation"]

1. d4 d6 2. e4 Nf6 3. Nc3 e5 4. Nf3 Nbd7 5. Bc4 Be7 6. O-O O-O 7. h3 b6 8. Re1 Bb7 9. a4 a6 10. d5 a5 11. Bb5 Nc5 12. Bg5 Nh5 13. Be3 g6 14. Bf1 Bc8 15. Nd2 Bg5 16. Nc4 Bxe3 17. Nxe3 Nf4 18. Kh2 Bd7 19. g3 Nh5 20. Bg2 Ng7 21.
b3 f5 22. exf5 gxf5 23. Nc4 Qf6 24. Ne2 f4 25. gxf4 exf4 26. Ng1 Rae8 27. Nf3 Ne4 28. Rf1 Kh8 29. Qd4 Qh6 30. Rae1 Nf6 31. Rxe8 Rxe8 32.
Re1 Rg8 33. Re7 Nf5 34. Qc3 Nxe7 0-1

[Event "Late-Titled-Tuesday-Blitz-April-02-2024"]
[Site "Chess.com"]
[Date "2024.04.02"]
[Round "3"]
[White "Blackmind96"]
[Black "Firouzja2003"]
[Result "0-1"]
[WhiteElo "2753"]
[BlackElo "3095"]
[TimeControl "180+1"]
[EndTime "14:26:38 PDT"]
[Termination "Firouzja2003 won by resignation"]

1. d4 Nf6 2. c4 g6 3. f3 Bg7 4. e4 d6 5. Nc3 O-O 6. Be3 c5 7.
Nge2 Nc6 8. Qd2 e6 9. O-O-O Qa5 10. Kb1 a6 11. dxc5 dxc5 12. Nc1 Rd8 13. Qe1 Rxd1 14.
Qxd1 Nd7 15. Nb3 Qc7 16. h4 b6 17. h5 Bb7 18. Qc1 Rd8 19. hxg6 hxg6 20. Bh6 Bxh6 21. Qxh6 Qe5 22. Qh7+ Kf8 23. Qh8+ Ke7 24. Qh4+ g5 25. Qf2 Nf6 26. Be2 Nd4 27. Rd1 Bc6 28. Bf1 g4 29. Qe3 gxf3 30. gxf3 Qg3 31. Nxd4 cxd4 32. Rxd4 Rxd4 33. Qxd4 Qxf3 34. Bd3 Nd7 35. e5 Nxe5 36. Qxe5 Qxd3+ 37. Kc1 Qxc4 38. Qc7+ Kf6 39. Qxb6 Be4 40. Qd8+ Kg7 41. Qg5+ Bg6 42. Qe5+ Kh6 43. Qh8+ Kg5 44. Qe5+ Kg4 45. a4 Qd3 46. Qe2+ Qxe2 47. Nxe2 f5 48. b4 f4 49. Kd2 f3 50. Nc3 Kg3 51. Ke3 e5 52. b5 f2 0-1

[Event "Late-Titled-Tuesday-Blitz-April-02-2024"]
[Site "Chess.com"]
[Date "2024.04.02"]
[Round "3"]
[White "Jahonas"]
[Black "GMG"]
[Result "0-1"]
[WhiteElo "2505"]
[BlackElo "2788"]
[TimeControl "180+1"]
[EndTime "14:26:38 PDT"]
[Termination "GMG won by resignation"]

1. e4 c6 2. Nf3 d5 3. Nc3 dxe4 4.
Nxe4 Nf6 5. Ng3 h5 6. h4 Bg4 7.
Be2 Nbd7 8. d4 Qc7 9. c3 e6 10. Ng5 Bd6 11. N3e4 Be7 12. Be3 Bf5 13. Ng3 Ng4 14.
Nxf5 exf5 15. Bxg4 hxg4 16. Qb3 O-O 17. g3 Nf6 18.
Qc2 Qd7 19. O-O-O Nd5 20. Bd2 f6 21. Rh2 fxg5 22. hxg5 Qe6 23. Rdh1 Qg6 24. c4 Nc7 25. Qb3 b6 26. Bf4 Bxg5 27. d5 Bxf4+ 28. gxf4 c5 29.
Rh5 Qd6 30. Qd3 Qxf4+ 31. Kd1 Qd4 32. Qxd4 cxd4 33. Kd2 Ne8 34. Kd3 Nd6 35. b4 Rac8 36. R1h2 Rxc4 37. Rh8+ Kf7 38. Rxf8+ Kxf8 39. Rh8+ Ke7 40.
Rg8 Rxb4 41. Rxg7+ Kf6 42. Rxa7 Ke5 43. Re7+ Kxd5 0-1

[Event "Late-Titled-Tuesday-Blitz-April-02-2024"]
[Site "Chess.com"]
[Date "2024.04.02"]
[Round "3"]
[White "Der_Balak_3Halak"]
[Black "CURRUTACO59"]
[Result "1-0"]
[WhiteElo "2433"]
[BlackElo "2254"]
[TimeControl "180+1"]
[EndTime "14:26:38 PDT"]
[Termination "Der_Balak_3Halak won on time"]

1. b3 e5 2. Bb2 d6 3. e3 Nf6 4. Ne2 g6 5. d4 Nbd7 6. c4 Bg7 7. Nbc3 O-O 8. Qd2 Re8 9. g3 c6 10. Bg2 Qc7 11. O-O a5 12. Rfd1 b6 13. dxe5 dxe5 14. Nb5 cxb5 15. Bxa8 bxc4 16. Rac1 Ba6 17. Bg2 b5 18.
Qd6 Qa7 19. Bc6 Bf8 20. Qd2 Re7 21. bxc4 bxc4 22. Ba3 Re6 23. Bxd7 Bxa3 24. Bxe6 Bxc1 25.
Nxc1 fxe6 26. Qd8+ Kf7 27. Ne2 e4 28. Nc3 Qb7 29.
Kg2 Qb4 30. Qd4 1-0

[Event "Late-Titled-Tuesday-Blitz-April-02-2024"]
[Site "Chess.com"]
[Date "2024.04.02"]
[Round "3"]
[White "MasterSonnevanck23"]
[Black "yobdc"]
[Result "0-1"]
[WhiteElo "2383"]
[BlackElo "2595"]
[TimeControl "180+1"]
[EndTime "14:26:44 PDT"]
[Termination "yobdc won by resignation"]

1. d4 Nf6 2. Nf3 g6 3. c4 Bg7 4.
Nc3 O-O 5. e4 d6 6. Be2 Nbd7 7.
O-O e5 8. Be3 Qe7 9. Qc2 Re8 10.
dxe5 dxe5 11. Nd5 Qd8 12. Rad1 c6 13. Nxf6+ Qxf6 14. c5 h6 15. Nd2 Bf8 16. b4 a5 17.
a3 axb4 18. axb4 Nb8 19. Nc4 Na6 20. Nd6 Rd8 21. b5 Nxc5 22. Nxc8 Rdxc8 23. bxc6 Rxc6 24. Bb5 Rc7 25. Ra1 Rac8 26. Rac1 Ne6 27. Qd2 Bc5 28. Bd7 Rd8 29. Bxc5 Rxc5 30. Bxe6 Rxd2 31. Rxc5 Qxe6 0-1

[Event "Late-Titled-Tuesday-Blitz-April-02-2024"]
[Site "Chess.com"]
[Date "2024.04.02"]
[Round "3"]
[White "NateSolon"]
[Black "Balla_Tamas"]
[Result "1/2-1/2"]
[WhiteElo "2698"]
[BlackElo "2496"]
[TimeControl "180+1"]
[EndTime "14:26:46 PDT"]
[Termination "Game drawn by repetition"]

1. d4 d5 2. Bf4 Nf6 3. e3 e6 4. Nf3 Bd6 5. Ne5 O-O 6. Nd2 b6 7.
c3 c5 8. h4 h6 9. g4 Bxe5 10.
dxe5 Ne4 11. g5 Nc6 12. gxh6 g6 13. Nxe4 dxe4 14. Qg4 Kh7 15. Rd1 Qc7 16. Rd6 Bb7 17. h5 Rg8 18. Qh4 g5 19. Qh2 gxf4 20. Qxf4 Nxe5 21.
Qxe5 Rad8 22. Rxe6 Qd7 23. Qf5+ Kh8 24. Qf6+ Kh7 25.
Qf5+ Kh8 26. Qf6+ Kh7 27. Qf5+ 1/2-1/2

[Event "Late-Titled-Tuesday-Blitz-April-02-2024"]
[Site "Chess.com"]
[Date "2024.04.02"]
[Round "3"]
[White "ricaurtelopezj1955"]
[Black "KorolDimitriy75"]
[Result "0-1"]
[WhiteElo "2152"]
[BlackElo "2368"]
[TimeControl "180+1"]
[EndTime "14:26:47 PDT"]
[Termination "KorolDimitriy75 won by resignation"]

1. e4 c5 2. Nf3 d6 3. d4 cxd4 4. Nxd4 Nf6 5. Nc3 g6 6. f4 Nbd7 7. Bd3 Bg7 8. Nf3 O-O 9. O-O b5 10. Kh1 b4 11. Ne2 Bb7 12. Ng3 Nc5 13. Qe2 Qc7 14. Bd2 a5 15. Rae1 Nxd3 16. cxd3 Qc2 17. Rc1 Qxb2 18. Rc7 Ba6 19. Rxe7 Qa3 20. Ne1 Rfe8 21.
Rxe8+ Rxe8 22. f5 Qxa2 23. fxg6 hxg6 24. Qd1 Nxe4 25. Qf3 Nxd2 26. Qxf7+ Qxf7 0-1

[Event "Late-Titled-Tuesday-Blitz-April-02-2024"]
[Site "Chess.com"]
[Date "2024.04.02"]
[Round "3"]
[White "TigrVShlyape"]
[Black "arenal72"]
[Result "1-0"]
[WhiteElo "2954"]
[BlackElo "2599"]
[TimeControl "180+1"]
[EndTime "14:26:48 PDT"]
[Termination "TigrVShlyape won by resignation"]

1. d4 d6 2. Nf3 Nf6 3. Bg5 g6 4.
Nbd2 Bg7 5. c3 O-O 6. e4 c5 7.
dxc5 dxc5 8. Bc4 h6 9. Bh4 Nh5 10. O-O Qc7 11. Qe2 g5 12. Bg3 Nxg3 13. hxg3 Nc6 14. Nh2 a6 15. a4 Ne5 16. f4 Nxc4 17. Nxc4 Be6 18. Ne3 Rad8 19. e5 f5 20. Nf3 g4 21.
Nh4 c4 22. Rad1 Qc5 23. Kh2 Rxd1 24. Rxd1 b5 25. axb5 axb5 26. Nc2 Bd5 27. Qe3 Qxe3 28. Nxe3 Be4 29. Rd7 e6 30. Re7 Rd8 31. Rxe6 Rd2 32. Nexf5 Bf8 33. Nxh6+ Bxh6 34. Rxh6 Rxb2 35. e6 Kf8 36. f5 Ke7 37. Rh7+ Kd6 38. Rd7+ Kc6 39. f6 Bd5 40. Rxd5 Kxd5 41. e7 Re2 42. f7 1-0

[Event "Late-Titled-Tuesday-Blitz-April-02-2024"]
[Site "Chess.com"]
[Date "2024.04.02"]
[Round "3"]
[White "whiteglovethief"]
[Black "kai_nov"]
[Result "1-0"]
[WhiteElo "2527"]
[BlackElo "2284"]
[TimeControl "180+1"]
[EndTime "14:26:49 PDT"]
[Termination "whiteglovethief won on time"]

1. d4 d5 2. c4 e6 3. Nf3 c6 4. g3 dxc4 5. Bg2 b5 6. O-O Bb7 7. Qc2 Nf6 8. Rd1 Be7 9. Nc3 Nbd7 10. Ne5 Nd5 11. a3 Nxe5 12. dxe5 Qc7 13. Bf4 a6 14. Ne4 O-O 15. Nd6 Rad8 16. Bxd5 cxd5 17. h4 f6 18. Nxb7 Qxb7 19. a4 d4 20. axb5 axb5 21. h5 fxe5 22. Bxe5 Bf6 23. Bf4 e5 24. Bd2 e4 25. Bf4 d3 26. Qd2 Bd4 27. e3 Bf6 28. Qb4 Rc8 29. h6 Rfd8 30. Ra5 c3 31. bxc3 Bxc3 32. Qb3+ Kh8 33.
Rxb5 1-0